 Dungeon Crawl Stone Soup version 0.25.1-11-g244df3a29b (webtiles) character file.

Game seed: 14854620880800792237

56 tkbsonic5 the Sneak (level 3, -1/16 HPs)
             Began as a Spriggan Air Elementalist on Apr 10, 2023.
             Slain by a goblin
             ... wielding a +0 dagger
              (5 damage)
             ... on level 2 of the Dungeon.
             The game lasted 00:14:40 (2841 turns).

tkbsonic5 the Sneak (Spriggan Air Elementalist)     Turns: 2841, Time: 00:14:41

Health: -1/16      AC:  2    Str:  4    XL:     3   Next: 71%
Magic:  8/8        EV: 19    Int: 17    God:
Gold:   32         SH:  0    Dex: 16    Spells: 4/8 levels left

rFire    . . .     SeeInvis +   b - +0 hunting sling
rCold    . . .     Gourm    .   (shield restricted)
rNeg     . . .     Faith    .   a - +0 robe
rPois    .         Spirit   .   (helmet restricted)
rElec    .         Reflect  .   (no cloak)
rCorr    .         Harm     .   (gloves unavailable)
MR       .....                  (boots unavailable)
Stlth    +++.......             (no amulet)
HPRegen  0.05/turn              (no ring)
MPRegen  0.11/turn              (no ring)

@: flying, very quick
A: very small, unfitting armour, see invisible, herbivore, speed 3, slow
metabolism 2
a: no special abilities


You were on level 2 of the Dungeon.
You were not hungry.

You visited 1 branch of the dungeon, and saw 3 of its levels.

You collected 32 gold pieces.

Inventory:

Hand Weapons
 b - a +0 hunting sling (weapon)
 d - a +0 short sword
 j - a cursed -1 dagger
 l - a +0 whip
Missiles
 e - 16 stones (quivered)
 m - 10 arrows
Armour
 a - a +0 robe (worn)
Potions
 f - a potion of cancellation {unknown}
Comestibles
 c - 4 rations


   Skills:
 * Level 0.1 Fighting
 - Level 0.4 Short Blades
 * Level 0.5 Slings
 - Level 0.1 Armour
 * Level 3.5 Dodging
 + Level 3.8 Stealth
 * Level 3.3 Spellcasting
 + Level 1.1 Conjurations
   Level 1.0 Charms
 * Level 2.9 Air Magic


You had 4 spell levels left.
You knew the following spells:

 Your Spells              Type           Power        Failure   Level  Hunger
a - Shock                 Conj/Air       #...         8%          1    None
c - Static Discharge      Conj/Air       #.......     22%         3    ###....

Your spell library contained the following spells:

 Spells                   Type           Power        Failure   Level  Hunger
 Swiftness                Chrm/Air       #.......     11%         2    ##.....
 Airstrike                Air            ##........   45%         4    ####...
 Lightning Bolt           Conj/Air       #.........   90%         5    ######.


Dungeon Overview and Level Annotations

Branches:
Dungeon (3/15)

Altars:


Innate Abilities, Weirdness & Mutations

You are very small and have problems with some larger weapons.
You are too small for most types of armour.
You have supernaturally acute eyesight. (SInv)
You are a herbivore.
You cover ground extremely quickly.
You need to consume almost no food.


Message History

The bat misses you.
A kobold comes into view.
The goblin shouts!
The goblin unwields a +0 dagger.
The goblin wields a +0 hunting sling.
The goblin shoots a stone.
The stone completely misses you. The leopard gecko misses you.
The ball python hisses angrily.
The bat hits you but does no damage. The leopard gecko misses you.
The goblin shoots a stone.
The stone barely misses you.
The stone closely misses the frilled lizard.
The bat completely misses you.
The goblin unwields a +0 hunting sling.
The goblin wields a +0 dagger.
The goblin hits you with a +0 dagger. The bat hits you.
* * * LOW HITPOINT WARNING * * *
You see here a scroll of teleportation.
It was a potion of flight.
You feel very buoyant.
You fly up into the air.
The bat completely misses you. The goblin hits you with a +0 dagger.
You die...

#..... #..... ########
#....# #....#
#######+##### #....#
............#...#....#
......w.....#...#....###
......g@....#...#.......
......bl....#...#....##.
.........%..#...#..o.###
............#...#....#
......S.?.l.#...#lb..#
...........o#...#....###
.....K......'...l......#
...........(#(..#....#.#
...........#####....#.#


You could see a dart slug, an orc, a leopard gecko, a goblin, a bat, a ball
python, a kobold and a frilled lizard.

Vanquished Creatures
  2 dart slugs
  2 leopard geckos (D:1)
  5 orcs (D:3)
  6 bats
  5 giant cockroaches
  4 goblins
  4 hobgoblins
  A quokka (D:2)
  A ball python (D:1)
  2 frilled lizards
  5 kobolds
  3 rats (D:1)
40 creatures vanquished.

Notes
Turn   | Place    | Note
-------+----------+-------------------------------------------
     0 | D:1      | tkbsonic5 the Spriggan Air Elementalist began the quest for
                  | the Orb.
     0 | D:1      | Reached XP level 1. HP: 9/9 MP: 5/5
   641 | D:1      | Reached XP level 2. HP: 13/13 MP: 4/7
   645 | D:1      | Learned a level 2 spell: Swiftness
   847 | D:1      | Reached skill level 1 in Conjurations
  1878 | D:3      | Reached XP level 3. HP: 16/16 MP: 8/8
  2001 | D:3      | Learned a level 3 spell: Static Discharge
  2668 | D:2      | Reached skill level 1 in Charms
  2841 | D:2      | Slain by a goblin

Illustrated notes

Levels and vault maps discovered:
D:1:      minmay_arrival_checkered_box, layout_basic, chequers_arboretum
D:2:      layout_basic, tgw_xom, first_ration, corexii_shack
D:3:      layout_loops_corners, uniq_jessica

Skill      XL: |  1  2  3 |
---------------+----------+-----
Spellcasting   | 3 |  3.3
Conjurations   | 1 |  1.1
Charms         | 1 |  1.0
Fighting       | |  0.1
Short Blades   | |  0.4
Slings         | |  0.5
Armour         | |  0.1
Dodging        | |  3.5
Stealth        | |  3.8
Air Magic      | |  2.9

Action                   || total
-------------------------++-------
Melee: Unarmed           ||     4
 Fire: Hunting sling     ||    44
 Cast: Shock             ||    84
       Static Discharge  ||     2
  Use: Scroll            ||     4
       Potion            ||     2
Armor: Robe              ||     3
Dodge: Dodged            ||    48
